 Dungeon Crawl Stone Soup version 0.18-b1-16-g289874d (webtiles) character file.

555 Tarnath the Slasher (level 7, -1/61 HPs)
             Began as a Minotaur Berserker on May 1, 2016.
             Was an Elder of Trog.
             Slain by a gnoll
             ... wielding a +0 spear
              (6 damage)
             ... on level 3 of the Dungeon.
             The game lasted 00:09:10 (3331 turns).

Tarnath the Slasher (Minotaur Berserker)            Turns: 3331, Time: 00:09:11

Health: -1/61      AC:  5    Str: 22    XL:     7   Next: 8%
Magic:  6/6        EV: 12    Int:  4    God:    Trog [****..]
Gold:   88         SH:  0    Dex: 11    Spells: 0 memorised, 6 levels left

rFire  . . .     SeeInvis .     a - +1 falchion
rCold  . . .     Gourm    .     t - +2 leather armour {rPois}
rNeg   + . .     Faith    .     (no shield)
rPois  +         Spirit   .     (helmet restricted)
rElec  .         Dismiss  .     (no cloak)
rCorr  .         Reflect  .     (no gloves)
SustAt +         Harm     .     (no boots)
MR     .....                    (no amulet)
Stlth  +.........               q - ring of sustain attributes
                                f - ring of positive energy

@: exhausted, slowed, very slow, not resistant to hostile enchantments, very
unstealthy
A: retaliatory headbutt, horns 2
a: Berserk, Trog's Hand, Brothers in Arms, Burn Spellbooks, Renounce Religion


You were on level 3 of the Dungeon.
You worshipped Trog.
Trog was greatly pleased with you.
You were near starving.

You visited 1 branch of the dungeon, and saw 3 of its levels.
You also visited: Sewer.

You collected 88 gold pieces.

Inventory:

Hand Weapons
 a - a +1 falchion (weapon)
Armour
 t - a +2 leather armour of poison resistance (worn)
Jewellery
 f - a ring of positive energy (left hand)
 q - a ring of sustain attributes (right hand)
Scrolls
 b - a scroll of blinking {unknown}
 e - a scroll of enchant weapon
 h - a scroll of fear {unknown}
Potions
 d - 2 potions of invisibility {unknown}
 g - 2 potions of heal wounds
 i - a potion of ambrosia
 l - 2 potions of curing
 m - a potion of might {unknown}
 r - 3 potions of flight
Comestibles
 c - 2 bread rations


   Skills:
 + Level 5.5 Fighting
 * Level 6.7 Long Blades
 * Level 6.1 Armour
 - Level 2.1 Dodging


You had 6 spell levels left.
You didn't know any spells.

Dungeon Overview and Level Annotations

Branches:
Dungeon (3/15)

Altars:
Gozag
Pakellas
Vehumet
Yredelemnul


Innate Abilities, Weirdness & Mutations

You reflexively headbutt those who attack you in melee.
You have a pair of horns on your head.


Message History

The gnoll barely misses you.
You closely miss the gnoll. You headbutt the gnoll!
You kill the gnoll!
Trog accepts your kill. The gnoll closely misses you.
You hit the gnoll.
The gnoll is moderately wounded.
The gnoll hits you with a flail.
* * * LOW HITPOINT WARNING * * *
The gnoll hits you from afar with a spear.
* * * LOW HITPOINT WARNING * * *
You are too berserk!
You closely miss the gnoll. Your headbutt misses the gnoll.
The gnoll is moderately wounded.
You are no longer berserk.
You are exhausted.
You feel yourself slow down.
You are near starving!
The gnoll hits you from afar with a spear.
You die...

#####''''#############)))#
#....#.....†'....#'###
#....###.##.#÷.....#
#....#....#.#..).###
#######....#########''##.#
......#....#...)....÷....#
...g..'....'..8#........(#
....gg'....'.g8#..##''##.#
......#8..8#ggg@..#.)..###
####################......#
...................'....#'###
#########################)).#
#.).# ##### ≈≈≈ ≈≈≈≈≈ .......


You could see 4 gnolls.

Vanquished Creatures
  A big kobold (Sewer)
  The ghost of skk the Ruffian, an amateur VSMo (D:3)
  A gnoll sergeant (D:3)
  2 gnoll shamans (D:3)
  3 adders
  16 gnolls (D:3)
  3 river rats
  2 worms (D:2)
  4 dart slugs
  A giant gecko (D:3)
  4 orcs (D:3)
  3 ball pythons (D:3)
  5 bats
  3 giant cockroaches
  7 goblins
  6 hobgoblins
  12 jackals
  9 kobolds
  4 giant newts
  10 rats
  A spectral orc (D:2)
98 creatures vanquished.

Notes
Turn   | Place    | Note
--------------------------------------------------------------
     0 | D:1      | Tarnath the Minotaur Berserker began the quest for the Orb.
     0 | D:1      | Reached XP level 1. HP: 19/19 MP: 0/0
   127 | D:1      | Reached XP level 2. HP: 22/27 MP: 1/1
   353 | D:1      | Reached ** piety under Trog
   495 | D:2      | Reached XP level 3. HP: 32/33 MP: 2/2
   786 | D:2      | Found a basalt altar of Yredelemnul.
  1159 | D:2      | Found an oddly glowing altar of Pakellas.
  1304 | D:2      | Reached XP level 4. HP: 37/40 MP: 3/3
  1338 | D:3      | Found a glowing drain.
  1650 | D:3      | Reached skill level 5 in Long Blades
  1650 | D:3      | Reached *** piety under Trog
  1807 | Sewer    | Entered a sewer
  2053 | Sewer    | Noticed a big kobold
  2066 | Sewer    | Reached XP level 5. HP: 44/47 MP: 4/4
  2094 | Sewer    | Found a white marble altar of Elyvilon.
  2138 | D:3      | Noticed skk's ghost (amateur VSMo)
  2157 | D:3      | Killed skk's ghost
  2157 | D:3      | Reached skill level 5 in Armour
  2157 | D:3      | Reached XP level 6. HP: 12/55 MP: 5/5
  2416 | D:3      | Reached skill level 5 in Fighting
  2444 | D:3      | Found a radiant altar of Vehumet.
  2643 | D:3      | Found an opulent altar of Gozag.
  3247 | D:3      | Reached **** piety under Trog
  3323 | D:3      | Reached XP level 7. HP: 23/61 MP: 6/6
  3331 | D:3      | Slain by a gnoll

Skill      XL: |  1  2  3  4  5  6 |
---------------+-------------------+-----
Armour         | 3 4 5 6 |  6.1
Long Blades    | 4 5 6 |  6.7
Fighting       | 4 5 |  5.5
Dodging        | |  2.1

Action                   |  1- 3 |  4- 6 |  7- 9 || total
-------------------------+-------+-------+-------++-------
Melee: Falchion          |    77 |   155 |     6 ||   238
       Headbutt          |    10 |    25 |     1 ||    36
Invok: Berserk           |       |     1 |       ||     1
  Use: Scroll            |       |    12 |       ||    12
 Stab: Sleeping          |     1 |     1 |       ||     2
  Eat: Chunk             |     1 |     6 |       ||     7
Armor: Animal skin       |     1 |       |       ||     1
       Leather armour    |    14 |    48 |     1 ||    63
Dodge: Dodged            |    47 |   129 |     3 ||   179
